 Dungeon Crawl Stone Soup version 0.17-a0-1421-g95311d7 (console) character file.

114 hyperkellhus the Caller (level 4, 0/33 HPs)
             Began as a Demigod Summoner on June 24, 2015.
             Slain by an orc
             ... wielding a +0 whip
              (3 damage)
             ... on level 4 of the Dungeon.
             The game lasted 00:06:47 (3017 turns).

hyperkellhus the Caller (Demigod Summoner)          Turns: 3017, Time: 00:06:47

Health: 0/33       AC:  2    Str: 11    XL:     4   Next: 40%
Magic:  9/18       EV: 12    Int: 21    God:
Gold:   69         SH:  0    Dex: 16    Spells: 3 memorised, 0 levels left

rFire  . . .     SeeInvis .     k - +2 short sword (distort)
rCold  . . .     Clarity  .     a - +0 robe
rNeg   . . .     SustAt   +     (no shield)
rPois  .         Gourm    .     (no helmet)
rElec  .         Spirit   .     (no cloak)
rCorr  .         Warding  .     (no gloves)
rMut   .         Stasis   .     (no boots)
MR     .....                    v - amulet of rage
Stlth  ++........               o - +3 ring of slaying
                                f - ring of magical power

@: lethally poisoned (0 -> 0), very slightly contaminated, not resistant to
hostile enchantments, unstealthy
A: high mp 1, sustain attributes
a: Evoke Berserk Rage


You were on level 4 of the Dungeon.
You were not hungry.

You visited 1 branch of the dungeon, and saw 4 of its levels.

You collected 69 gold pieces.

Inventory:

Hand weapons
 k - a +2 short sword of distortion (weapon)
 B - a cursed -3 blowgun
Missiles
 C - 4 poisoned needles
Armour
 a - a +0 robe (worn)
Jewellery
 f - a ring of magical power (left hand)
 o - a +3 ring of slaying (right hand)
 v - an amulet of rage (around neck)
 x - an uncursed amulet of faith
Scrolls
 g - a scroll of identify
 h - a scroll of enchant weapon
 q - 2 scrolls of teleportation
Potions
 l - a potion of degeneration
 n - a potion of cure mutation {unknown}
 z - a potion of resistance {unknown}
 A - a potion of curing {unknown}
Books
 b - a book of Callings

   Spells                             Type                      Level
   a - Summon Small Mammal            Summoning                    1
   b - Call Imp                       Summoning                    2
   c - Call Canine Familiar           Summoning                    3
   d - Summon Guardian Golem          Hexes/Summoning              3
   e - Summon Lightning Spire         Summoning/Air                4
   f - Summon Ice Beast               Ice/Summoning                4
Comestibles
 c - 3 bread rations
 j - a beef jerky


   Skills:
 - Level 1.7 Dodging
 - Level 1.7 Stealth
 - Level 1.7 Spellcasting
 + Level 5.5 Summonings


You couldn't memorise any spells.
You knew the following spells:

 Your Spells              Type           Power        Failure   Level  Hunger
a - Summon Small Mammal   Summ           ####         1%          1    #......
b - Call Imp              Summ           ####....     1%          2    ###....
c - Call Canine Familiar  Summ           ####....     4%          3    ###....


Dungeon Overview and Level Annotations

Branches:
Dungeon (4/15)
 Temple: D:4-7

Annotations:
D:4 Menkaure


Innate Abilities, Weirdness & Mutations

You have an increased reservoir of magic (+10% MP).
Your attributes are resistant to harm.


Message History

The orc hits your bat with a whip.
Your bat dies!
Your bat's corpse disappears in a puff of smoke!
Your crimson imp blinks!
Casting: Summon Small Mammal
Confirm with . or Enter, or press ? or * to list all spells.
Your hound disappears in a puff of smoke!
Press: ? - help, v - describe, . - travel
Here: an orc, wielding a whip The floor.
You feel sick.
Your hound bites the orc.
The orc misses you.
Your hound barely misses the orc.
Your hound bites the orc.
Really walk into a travel-excluded area?
Okay, then.
The orc misses you.
Your hound closely misses the orc.
Your hound barely misses the orc.
Your hound closely misses the orc.
You feel sick.
Your crimson imp blinks!
The orc hits you with a whip.
You die...

#.....#
#......##########
#...............#
........†)......#
......#.........#
..... #.<.......#
.... #.........#
#.# #....).5..##
# .###+##.@...#
......#.o...#
......'.h...#
M.....#.....#
#######.....#
#######


You could see an orc, a friendly hound and a friendly crimson imp.

Vanquished Creatures
  2 adders (D:2)
  An ooze (D:1)
  3 giant geckos
  An orc (D:4)
  6 bats
  5 giant cockroaches
  3 goblins (D:1)
  6 hobgoblins
  12 jackals
  4 kobolds
  A quokka (D:2)
  A ball python (D:3)
  3 giant newts
  4 rats
52 creatures vanquished.

Vanquished Creatures (collateral kills)
  A worker ant (D:4)
  An adder (D:1)
  An orc (D:4)
  6 goblins
  A hobgoblin (D:1)
  5 jackals
  2 bats
  2 kobolds (D:1)
  2 rats (D:1)
21 creatures vanquished.

Vanquished Creatures (others)
  A giant newt (D:3)
1 creature vanquished.

Grand Total: 74 creatures vanquished

Notes
Turn   | Place    | Note
--------------------------------------------------------------
     0 | D:1      | hyperkellhus the Demigod Summoner began the quest for the Orb.
     0 | D:1      | Reached XP level 1. HP: 14/14 MP: 5/5
   361 | D:1      | Reached skill level 4 in Summonings
   534 | D:1      | Reached XP level 2. HP: 20/20 MP: 4/7
   821 | D:1      | Learned a level 2 spell: Call Imp
  1239 | D:1      | Reached XP level 3. HP: 26/26 MP: 8/8
  1478 | D:2      | Found a faded altar to an unknown god.
  1494 | D:2      | Found an iron altar of Okawaru.
  1728 | D:2      | Reached skill level 5 in Summonings
  2248 | D:3      | Found a glowing silver altar of Zin.
  2325 | D:3      | Reached XP level 4. HP: 24/33 MP: 9/9
  2955 | D:3      | Learned a level 3 spell: Call Canine Familiar
  2972 | D:4      | Noticed Menkaure
  3017 | D:4      | Slain by an orc

Vault maps used:
D:1:      dpeg_arrival_water_temple_mockup
D:2:      nicolae_overflow_hidden_temple, ecumenical_altar_2
D:3:      lemuel_round_altar
D:4:      nicolae_ru_sacrificial_ziggurat, kennysheep_vampire_church,
          first_bread, uniq_menkaure

Action                   |  1- 3 |  4- 6 || total
-------------------------+-------+-------++-------
Melee: Short sword       |    76 |    27 ||   103
       Unarmed           |     2 |       ||     2
 Cast: Summon Small Mamm |    56 |     8 ||    64
       Call Imp          |     6 |     4 ||    10
       Call Canine Famil |       |     2 ||     2
  Use: Scroll            |       |    10 ||    10
 Stab: Sleeping          |     4 |     1 ||     5
  Eat: Chunk             |     6 |     2 ||     8
